 Dungeon Crawl Stone Soup version 0.31.0-11-ge490571c62 (webtiles) character file.

Game seed: 820741719367587733

153 qw the Shooter (level 5, 0/26 HPs)
             Began as a Spriggan Hunter on Feb 4, 2024.
             Slain by Dowan
             ... wielding a +0 dagger of freezing
              (2 damage)
             ... on level 4 of the Dungeon.
             The game lasted 00:00:07 (1957 turns).

qw the Shooter (Spriggan Hunter)                    Turns: 1957, Time: 00:00:08

Health: 0/26       AC:  2    Str:  7    XL:     5   Next: 12%
Magic:  6/6        EV: 20    Int: 11    God:
Gold:   48         SH:  0    Dex: 20    Spells: 4/4 levels left

rFire   . . .        a - +1 shortbow
rCold   . . .        (shield currently unavailable)
rNeg    . . .        c - +0 robe
rPois   .            (helmet restricted)
rElec   .            (no cloak)
rCorr   .            (gloves unavailable)
SInv    +            (boots unavailable)
Will    .....        (no amulet)
Stlth   ++           (no ring)
HPRegen 0.24/turn    (no ring)
MPRegen 0.10/turn

%: no passive effects
@: about to teleport, very quick
A: very small, no large weapons, unfitting armour, see invisible, speed 3
a: no special abilities


You were on level 4 of the Dungeon.
You visited 1 branch of the dungeon, and saw 4 of its levels.

You collected 160 gold pieces.
You spent 112 gold pieces at shops.


Innate Abilities, Weirdness & Mutations

You are very small and have problems with some larger weapons.
You are too small for most types of armour.
You have supernaturally acute eyesight. (SInv)
You cover ground extremely quickly. (Speed+++)


   Skills:
 - Level 2.3 Fighting
 + Level 5.1 Ranged Weapons
 - Level 5.0 Dodging
 - Level 1.5 Stealth


You had 4 spell levels left.
You didn't know any spells.
Your spell library was empty.

Inventory:

Hand Weapons
 a - a +1 shortbow (weapon)
Armour
 c - a +0 robe (worn)
Wands
 i - a wand of charming (3)
Scrolls
 d - a scroll of blinking {unknown}
 k - 3 scrolls of fear {unknown}
Potions
 b - a potion of cancellation
 e - a potion of enlightenment
 f - a potion of magic {unknown}
 g - 3 potions of heal wounds
 j - a potion of attraction {unknown}

Dungeon Overview and Level Annotations

Branches:
Dungeon (4/15)
 Temple: D:4-7

Altars:
Ashenzari
Makhleb
Ru
Vehumet

Shops:
D:2 (   D:3 *

Annotations:
D:4 Dowan, Duvessa


Message History

You kill the endoplasm!
A kobold comes into view. It is wielding a +0 short sword.
The kobold shouts!
You shoot an arrow.
The arrow hits the kobold but does no damage.
You shoot an arrow. The arrow closely misses the kobold.
The kobold completely misses you.
You shoot an arrow. The arrow hits the kobold.
You kill the kobold!
d - a scroll labelled RAAGU UCEHESS
k - 3 scrolls labelled HEUTZU JOEXUAF Duvessa and Dowan come into view.
Dowan is wielding a +0 dagger of freezing.
You shoot an arrow. The arrow completely misses Dowan.
The arrow hits Duvessa but does no damage.
Duvessa shouts!
Duvessa says, "Did you see that move?
Perfect!"
You shoot an arrow.
Dowan shouts!
The arrow hits Duvessa but does no damage.
You shoot an arrow.
The arrow hits Duvessa but does no damage.
You shoot an arrow.
The arrow hits Duvessa but does no damage.
Duvessa hits you with a +0 short sword!
You shoot an arrow. The arrow hits Duvessa.
Duvessa is lightly wounded.
Duvessa barely misses you.
You shoot an arrow. The arrow hits Duvessa.
Duvessa is lightly wounded.
Duvessa hits you with a +0 short sword!
Dowan hits you with a +0 dagger of freezing.
Dowan freezes you.
1957 ||| READING scroll of teleportation.
As you read the scroll of teleportation, it crumbles to dust.
You feel strangely unstable. Duvessa barely misses you.
Dowan hits you with a +0 dagger of freezing.
Dowan freezes you.
You die...

........#####..#.##.#
#.##.###.# #..#.##.#
###.##.###.### #..#.##.#
.............# #..#.##.#
##..##.###.#.###..#.##.#
........................
#..##.........<.....).#
##.##.#.####.#.##.#
#@##.#.# #.#.##.#
......ee##.#.# #.#.##.#
##..#......... ........
.. .....#### # #.#.##.#
..#...# #.#.##.#
#.......# ....#.#.#
....#.#.#


You could see Duvessa and Dowan.

Vanquished Creatures
  A statue (D:3)
  3 adders
  3 dart slugs
  4 ribbon worms
  7 orcs (D:3)
  8 endoplasms
  A giant cockroach (D:2)
  A goblin (D:1)
  13 hobgoblins
  3 quokkas
  12 ball pythons
  8 bats
  5 frilled lizards
  5 kobolds
  8 rats
82 creatures vanquished.

Notes
Turn   | Place    | Note
-------+----------+-------------------------------------------
     0 | D:1      | qw the Spriggan Hunter began the quest for the Orb.
     0 | D:1      | Reached XP level 1. HP: 10/10 MP: 2/2
     0 | D:1      | 0 ||| qw: Version: 0.3-a-160-g6735b56
     0 | D:1      | 0 ||| qw: Game counter: 5422
     0 | D:1      | 0 ||| qw: Melee chars always use a shield: true
     0 | D:1      | 0 ||| qw: God list: Okawaru
     0 | D:1      | 0 ||| qw: Allow faded altars: false
     0 | D:1      | 0 ||| qw: Do Orc after clearing Dungeon:15 true
     0 | D:1      | 0 ||| qw: Do second Lair branch before Depths: true
     0 | D:1      | 0 ||| qw: Lair rune preference: random
     0 | D:1      | 0 ||| qw: Goals: Normal
     0 | D:1      | 0 ||| PLANNING D:1-11
    39 | D:1      | Reached skill level 3 in Dodging
   196 | D:1      | Reached XP level 2. HP: 14/14 MP: 3/3
   534 | D:1      | Reached XP level 3. HP: 17/18 MP: 4/4
   666 | D:1      | 666 ||| READING scroll labelled BENUTI ROFUDUD.
   666 | D:1      | 666 ||| ENCHANTING +0 shortbow.
   667 | D:1      | 667 ||| READING scroll labelled KYJAMORU NOOTA.
   667 | D:1      | 667 ||| ENCHANTING +0 shortbow.
   668 | D:1      | 668 ||| READING scroll labelled DIVA WOAZXA.
   703 | D:1      | 703 ||| DRINKING 2 green potions.
   704 | D:1      | 704 ||| DROPPING scroll of butterflies.
   940 | D:2      | Reached XP level 4. HP: 22/22 MP: 5/5
   943 | D:2      | Found Utyshrex's Weapon Shoppe.
   958 | D:2      | 958 ||| SHOPLISTING +2 arbalest of Uremiupt {drain, rC+
                  | rCorr} (414 gold, have 78).
  1246 | D:2      | 1246 ||| READING scroll labelled VILAPPEDWA.
  1246 | D:2      | 1246 ||| IDENTIFYING bubbling inky potion
  1247 | D:2      | 1247 ||| READING scroll labelled ALAUSKISE.
  1378 | D:3      | Found Salyotot's General Store.
  1387 | D:3      | 1387 ||| SHOPLISTING amulet of the acrobat (420 gold, have
                  | 129).
  1387 | D:3      | 1387 ||| BUYING potion of enlightenment (70 gold).
  1387 | D:3      | Bought a potion of enlightenment for 70 gold pieces
  1387 | D:3      | 1387 ||| BUYING scroll of teleportation (42 gold).
  1387 | D:3      | Bought a scroll of teleportation for 42 gold pieces
  1405 | D:3      | Found a broken altar of Ashenzari.
  1439 | D:3      | Found a radiant altar of Vehumet.
  1439 | D:3      | Noticed a charred statue
  1444 | D:3      | 1444 ||| FLEEEEING.
  1485 | D:3      | Killed a charred statue
  1486 | D:3      | Reached XP level 5. HP: 26/26 MP: 6/6
  1708 | D:3      | Found a sacrificial altar of Ru.
  1708 | D:3      | Found a burning altar of Makhleb.
  1775 | D:3      | 1775 ||| READING scroll labelled GEPNUY NYWUCS.
  1950 | D:4      | Noticed Duvessa
  1950 | D:4      | Noticed Dowan
  1956 | D:4      | HP: 5/26 [Dowan/+0 dagger of freezing (3)]
  1957 | D:4      | 1957 ||| READING scroll of teleportation.
  1957 | D:4      | HP: 2/26 [Dowan/+0 dagger of freezing (3)]
  1957 | D:4      | Slain by Dowan

Levels and vault maps discovered:
D:1:      amcnicky_arrival_choice, layout_loops_ring, grunt_decor_resistance,
          minmay_misc_feat_square
D:2:      layout_basic, serial_shops, nicolae_shop_bloodbath_and_beyond,
          minmay_split_cup_small
D:3:      layout_rooms, mainiacjoe_overflow_tiny_flanked,
          mainiacjoe_overflow_divided_tiny, vehumet_statue, serial_shops, shop
D:4:      cheibrodos_old_hovel, layout_basic, uniq_ijyb, uniq_duvessa,
          uniq_menkaure

Skill      XL: |  1  2  3  4 |
---------------+-------------+-----
Dodging        | 3 4 5 |  5.0
Ranged Weapons | 5 |  5.1
Fighting       | 2 |  2.3
Stealth        | |  1.5

Action                     |  1- 3 |  4- 6 || total
---------------------------+-------+-------++-------
   Fire: Shortbow          |   106 |   102 ||   208
    Use: Scroll            |     3 |     4 ||     7
         Potion            |     1 |       ||     1
 Armour: Robe              |     5 |    12 ||    17
  Dodge: Dodged            |    15 |    30 ||    45

Table legend:
 A = Non-vault XP
 B = Vault XP
 C = Vault XP percentage of total XP
 D = Non-vault monster count
 E = Vault monster count
 F = Vault count percentage of total count
                 A         B        C        D         E       F
            +---------+---------+-------+---------+---------+-------
      Total |     184 |      35 |  16.0 |      78 |       4 |   4.9
            +---------+---------+-------+---------+---------+-------
        D:1 |      48 |       0 |   0.0 |      29 |       0 |   0.0
        D:2 |      68 |       3 |   4.2 |      24 |       3 |  11.1
        D:3 |      65 |      32 |  33.0 |      23 |       1 |   4.2
        D:4 |       3 |       0 |   0.0 |       2 |       0 |   0.0
            +---------+---------+-------+---------+---------+-------
